 Dungeon Crawl Stone Soup version 0.30.0-5-g1a98f26d00 (webtiles) character file.

Game seed: 14677358914305159320

114 qeuew the Covered (level 4, -3/40 HPs)
             Began as a Minotaur Fighter on May 12, 2023.
             Slain by a gnoll sergeant
             ... wielding a +0 trident
              (10 damage)
             ... on level 6 of the Dungeon.
             The game lasted 00:02:32 (1587 turns).

qeuew the Covered (Minotaur Fighter)                Turns: 1587, Time: 00:02:33

Health: -3/40      AC:  7    Str: 23 (25) XL:     4   Next: 66%
Magic:  3/3        EV: 10    Int:  2 (4)  God:
Gold:   89         SH:  4    Dex: 10      Spells: 3/3 levels left

rFire   . . .        a - +0 war axe (freeze)
rCold   . . .        c - +0 buckler
rNeg    . . .        b - +0 scale mail
rPois   .            (helmet restricted)
rElec   .            (no cloak)
rCorr   .            (no gloves)
SInv    .            (no boots)
Will    .....        (no amulet) Stlth
                     (no ring)
HPRegen 0.26/turn    (no ring)
MPRegen 0.08/turn

%: no passive effects
@: mighty, studying Evocations
A: horns 2, retaliatory headbutt, strong 1, subdued magic 1
a: no special abilities


You were on level 6 of the Dungeon.
You visited 1 branch of the dungeon, and saw 4 of its levels.

You collected 89 gold pieces.

Inventory:

Hand Weapons
 a - a +0 war axe of freezing (weapon)
Armour
 b - a +0 scale mail (worn)
 c - a +0 buckler (worn)
Jewellery
 e - an amulet of reflection
Wands
 g - a wand of mindburst (5)
Scrolls
 i - a scroll of enchant armour {unknown}
 k - a scroll of enchant weapon
 m - a scroll of butterflies
Potions
 d - a potion of might
 f - a potion of flight
 h - a potion of curing {unknown}


   Skills:
 + Level 4.2 Fighting
 + Level 3.2 Axes
 * Level 4.7 Armour
 + Level 1.6 Dodging
 + Level 4.1 Shields
 + Level 1.2 Evocations


You had 3 spell levels left.
You didn't know any spells.
Your spell library contained the following spells:

 Spells                   Type           Power      Damage    Failure   Level
 Shock                    Conj/Air       0%         1d3       86%         1
 Cigotuvi's Dreadful Rot  Necr/Pois/Air  0%         N/A       95%         2
 Swiftness                Air            0%         N/A       99%         3
 Airstrike                Air            0%         2d(0-16)  100%        4
 Dispel Undead            Necr           0%         3d6       100%        4
 Death Channel            Necr           0%         N/A       100%        6


Dungeon Overview and Level Annotations

Branches:
Dungeon (6/15)
 Temple: D:4-7

Altars:
Nemelex Xobeh


Innate Abilities, Weirdness & Mutations

You have a pair of horns on your head.
You reflexively headbutt those who attack you in melee.
Your muscles are strong. (Str +4, Int/Dex -1)
Your spells are a little easier to cast, but a little less powerful.


Message History

You kill the gnoll!
The gnoll sergeant completely misses you.
The gnoll sergeant hits you from afar with a +0 trident.
You feel your dexterity returning.
Found a scroll of acquirement.
The gnoll hits you with a +0 club. The gnoll sergeant closely misses you.
Things that are here:
a +0 club; a gnoll corpse You barely miss the gnoll sergeant.
You barely miss the gnoll.
The gnoll sergeant hits you with a +0 trident.
You closely miss the gnoll sergeant. You headbutt the gnoll sergeant.
The gnoll sergeant is lightly wounded.
You hit the gnoll. You freeze the gnoll. The gnoll barely misses you.
You furiously retaliate!
You headbutt the gnoll!
You kill the gnoll!
You hit the gnoll sergeant. You freeze the gnoll sergeant.
The gnoll sergeant is lightly wounded.
The gnoll sergeant barely misses you. x2; The gnoll hits you with a +0 flail!
You are too injured to fight recklessly!
You are too injured to fight recklessly!
You are too injured to fight recklessly!
You are too injured to fight recklessly!
You are too injured to fight recklessly!
You are too injured to fight recklessly!
You are too injured to fight recklessly!
You are too injured to fight recklessly!
You are too injured to fight recklessly!
You are too injured to fight recklessly!
Unknown command.
You feel very mighty all of a sudden. The gnoll closely misses you.
The gnoll sergeant hits you with a +0 trident!
* * * LOW HITPOINT WARNING * * *
Unknown command.
The gnoll sergeant blocks your attack.
Your headbutt misses the gnoll sergeant.
The gnoll sergeant is lightly wounded.
You slash the gnoll! You freeze the gnoll. You block the gnoll's attack.
The gnoll sergeant hits you with a +0 trident!
You die...

#.##.#####.## #
#...........#
#.###.##.#####..#####
#...>................
#......#####..#####
#.#[..........#
######.#........#.######
#......#................
#...g@).#.##....######
#...g#.##.###...##
.......'...........#####
###....#.##.####........
#....#.##.# ##...####
#...?#.# ##.....
#....#.# ..... #.... .#
..... ....


You could see a gnoll sergeant and a gnoll.

Vanquished Creatures
  Robin (D:3)
  2 gnolls (D:6)
  2 adders
  A dart slug (D:2)
  5 orcs (D:2)
  A bat (D:2)
  An endoplasm (D:2)
  A giant cockroach (D:2)
  14 goblins
  4 hobgoblins
  4 jackals (D:2)
  5 quokkas
  5 ball pythons
  A frilled lizard (D:1)
  5 kobolds
  2 rats (D:3)
54 creatures vanquished.

Notes
Turn   | Place    | Note
-------+----------+-------------------------------------------
     0 | D:1      | qeuew the Minotaur Fighter began the quest for the Orb.
     0 | D:1      | Reached XP level 1. HP: 19/19 MP: 0/0
   300 | D:1      | Reached XP level 2. HP: 27/27 MP: 1/1
   735 | D:2      | Reached skill level 1 in Dodging
   737 | D:2      | Found a sparkling altar of Nemelex Xobeh.
   760 | D:2      | Reached XP level 3. HP: 33/33 MP: 2/2
  1223 | D:2      | Identified a scroll of acquirement
  1223 | D:2      | Acquired a manual of Evocations
  1226 | D:2      | Gained mutation: Armour fits poorly on your strangely
                  | shaped body. [potion of mutation]
  1242 | D:3      | Noticed Robin
  1252 | D:3      | Killed Robin
  1253 | D:3      | Reached XP level 4. HP: 36/40 MP: 3/3
  1293 | D:3      | Lost mutation: Armour fits poorly on your strangely shaped
                  | body. [potion of mutation]
  1293 | D:3      | Gained mutation: Your spells are a little easier to cast,
                  | but a little less powerful. [potion of mutation]
  1293 | D:3      | Gained mutation: Your muscles are strong. (Str +4, Int/Dex
                  | -1) [potion of mutation]
  1389 | D:3      | Found a faded altar of an unknown god.
  1526 | D:3      | You fall into a shaft and drop 3 floors!
  1544 | D:6      | Reached skill level 1 in Evocations
  1577 | D:6      | Noticed a gnoll sergeant
  1587 | D:6      | Slain by a gnoll sergeant

Illustrated notes

Levels and vault maps discovered:
D:1:      lightli_arrival_maybe_door_vault, layout_loops_cross
D:2:      layout_loops_ring, basic_altar
D:3:      layout_loops_ring, shapermc_ecumenical_altar_totnotflames, uniq_robin,
          uniq_sigmund
D:6:      layout_basic, trog_butcher_becter, grunt_ministairs_6,
          serial_bayou_pond_b, st_stairs_8, minmay_checkerbox

Skill      XL: |  1  2  3  4 |
---------------+-------------+-----
Armour         | 4 |  4.7
Dodging        | 1 |  1.6
Fighting       | 4 |  4.2
Shields        | 4 |  4.1
Axes           | 3 |  3.2
Evocations     | 1 |  1.2

Action                     |  1- 3 |  4- 6 || total
---------------------------+-------+-------++-------
  Melee: War axe           |    74 |    24 ||    98
         Headbutt          |    10 |     5 ||    15
    Use: Scroll            |     8 |       ||     8
         Potion            |     3 |     2 ||     5
 Armour: Scale mail        |    30 |     6 ||    36
  Dodge: Dodged            |    40 |    15 ||    55
  Block: Buckler           |    16 |     4 ||    20
